 Dungeon Crawl Stone Soup version 0.23.2 (webtiles) character file.

Game seed: 10168813612345130942

19093 Fang the Fighter (level 12, -6/120 HPs)
             Began as a Gargoyle Berserker on Apr 5, 2019.
             Was a High Priest of Trog.
             Mangled by a 14-headed hydra (7 damage)
             ... on level 2 of the Lair of Beasts on Apr 8, 2019.
             The game lasted 00:19:37 (11510 turns).

Fang the Fighter (Gargoyle Berserker)              Turns: 11510, Time: 00:19:37

Health: -6/120     AC: 25    Str: 32    XL:     12   Next: 65%
Magic:  12/12      EV: 12    Int:  7    God:    Trog [*****.]
Gold:   800        SH:  0    Dex:  9    Spells: 11/11 levels left

rFire    + . .     SeeInvis .   C - +4 war axe (chop)
rCold    x . .     Gourm    .   (no shield)
rNeg     + . .     Faith    .   b - +2 plate armour
rPois    ∞         Spirit   .   (no helmet)
rElec    +         Reflect  .   (no cloak)
rCorr    .         Harm     .   (no gloves)
MR       .....                  (no boots)
Stlth    ..........             (no amulet)
HPRegen  0.30/turn              f - ring of stealth
MPRegen  0.13/turn              g - ring of fire

@: berserking, very quick
A: negative energy resistance 1, electricity resistance, unbreathing,
petrification resistance, rot immunity, AC +8
a: Berserk, Trog's Hand, Brothers in Arms, Renounce Religion


You were on level 2 of the Lair of Beasts.
You worshipped Trog.
Trog was extremely pleased with you.
You were near starving.

You visited 3 branches of the dungeon, and saw 14 of its levels.

You collected 800 gold pieces.

Inventory:

Hand Weapons
 a - a +0 war axe
 z - a +1 antimagic broad axe
 C - a +4 war axe of chopping (weapon)
Armour
 b - a +2 plate armour (worn)
Jewellery
 f - a ring of stealth (left hand)
 g - a ring of fire (right hand)
Wands
 d - a wand of flame (47)
 o - a wand of digging (10)
 t - a wand of disintegration (10)
 u - a wand of iceblast (23)
Scrolls
 e - a scroll of magic mapping
 l - a scroll of identify
 m - 3 scrolls of remove curse
 r - 4 scrolls of blinking
 w - 5 scrolls of teleportation
Potions
 h - 7 potions of curing
 i - 3 potions of mutation
 j - a potion of flight
 k - 2 potions of invisibility {unknown}
 n - a potion of ambrosia
 s - 4 potions of haste
 v - a potion of degeneration {unknown}
 x - a potion of might {unknown}
 A - 3 potions of magic {unknown}
 B - a potion of berserk rage {unknown}
 E - a potion of agility
Comestibles
 c - 15 rations


   Skills:
 + Level 11.6 Fighting
 + Level 9.9 Axes
 + Level 11.4 Armour
 + Level 8.9 Dodging


You had 11 spell levels left.
You didn't know any spells.
Your spell library was empty.

Dungeon Overview and Level Annotations

Branches:
Dungeon (11/15)            Temple (1/1) D:7            Lair (2/6) D:8
  Swamp (0/4) Lair:2          Orc (0/2) D:9
  Snake: Lair:2-4    Spider: Lair:2-4

Altars:
Dithmenos
Nemelex Xobeh
Qazlal
Sif Muna
Wu Jian
Zin

Shops:
D:7 !   D:9 *   D:10 }:


Innate Abilities, Weirdness & Mutations

You are resistant to torment.
Your stone body is resilient. (AC +8)
You are immune to poison.
You resist negative energy. (rN+)
You are resistant to electric shocks. (rElec)
You can survive without breathing.
You are immune to petrification.
You are immune to rotting.


Message History

The 14-headed hydra bites you but does no damage. x3
The 14-headed hydra closely misses you.
The 14-headed hydra bites you but does no damage.
The 14-headed hydra closely misses you.
The 14-headed hydra bites you but does no damage. x2
The 14-headed hydra barely misses you.
The 14-headed hydra bites you but does no damage. x3
The 14-headed hydra bites you!
* * * LOW HITPOINT WARNING * * *
The 14-headed hydra barely misses you.
You barely miss the 14-headed hydra.
The 14-headed hydra is almost dead.
The 14-headed hydra bites you but does no damage. x2
The 14-headed hydra bites you.
* * * LOW HITPOINT WARNING * * *
The 14-headed hydra bites you but does no damage. x8
The 14-headed hydra closely misses you. The 14-headed hydra bites you.
* * * LOW HITPOINT WARNING * * *
The 14-headed hydra bites you!
You die...

.............. ...........
...................
...§.......
..>...÷...........
.....§.....
...P###.###.......
........... ...##
.P#........ #.§§§......
...# ..##......#
###§§§§§.÷.## ...#
.##.......# ##.##§.§§§÷..#
....#
...#.....D###..###.§.§÷.#.
. ...
.........@##....##..§...#.
...
.P#........#.+####.......#
##.......##.# ##.(...P#.
#........##.###.........
#.......................
........................
###P####.#..####.######.
## ###.## ### ## ###


You could see a 14-headed hydra.

Vanquished Creatures
  Harold (D:7)
  Fannar (Lair:2)
  A hydra (Lair:2)
  The ghost of Malificent the Prestidigitator, a journeyman DsAr of Nemelex Xobeh (Lair:1)
  2 two-headed ogres
  Nergalle (Lair:2)
  The ghost of Malificent the Charlatan, a novice DsAr of Hepliaklqana (D:10)
  A cyclops (D:11)
  A deep elf mage (D:9)
  Joseph (D:7)
  Maurice (D:8)
  A spiny frog (Lair:2)
  A rime drake (Lair:2)
  A komodo dragon (Lair:2)
  3 trolls
  Grinder (D:5)
  A hippogriff (Lair:2)
  13 yaks
  Sigmund (D:5)
  A wyvern (D:8)
  3 basilisks
  4 water moccasins
  3 ice beasts
  5 orc warriors
  3 sky beasts
  5 porcupines (D:8)
  3 black bears
  4 phantoms
  3 centaurs
  8 ogres
  8 crocodiles
  5 big kobolds (D:9)
  Blork the orc (D:6)
  11 bullfrogs
  4 gnoll sergeants
  A scorpion (D:4)
  2 howler monkeys
  5 crimson imps
  A quasit (D:9)
  2 bullfrog zombies
  2 jellies
  3 bullfrog skeletons
  A gnoll shaman (D:8)
  4 orc priests
  2 centaur skeletons
  5 hounds
  4 iguanas
  5 orc wizards
  5 worker ants
  A hound zombie (D:8)
  A hound skeleton (D:10)
  A howler monkey zombie (D:7)
  18 gnolls
  A howler monkey skeleton (D:9)
  17 adders
  2 shadow imps
  3 oozes
  4 adder zombies
  3 worms
  3 dart slugs
  3 leopard geckos
  41 orcs
  3 ball pythons
  4 bats
  17 giant cockroaches
  5 goblins
  5 hobgoblins
  14 jackals
  5 quokkas
  5 frilled lizards
  17 kobolds
  A quokka skeleton (D:8)
  A quokka zombie (D:5)
  6 rats
  2 plants
330 creatures vanquished.

Vanquished Creatures (collateral kills)
  A hydra (Lair:2)
  The ghost of Elsrick the Thaumaturge, a novice DESu of Sif Muna (D:10)
2 creatures vanquished.

Vanquished Creatures (others)
  3 withered plants (D:10)
3 creatures vanquished.

Grand Total: 335 creatures vanquished

Notes
Turn   | Place    | Note
-------+----------+-------------------------------------------
     0 | D:1      | Fang the Gargoyle Berserker began the quest for the Orb.
     0 | D:1      | Reached XP level 1. HP: 14/14 MP: 1/1
   101 | D:1      | Reached XP level 2. HP: 19/19 MP: 2/2
   210 | D:1      | Reached XP level 3. HP: 20/23 MP: 3/3
   373 | D:1      | Reached ** piety under Trog
   766 | D:2      | Found a stormy altar of Qazlal.
   795 | D:2      | Reached XP level 4. HP: 29/29 MP: 4/4
   826 | D:2      | Found a deep blue altar of Sif Muna.
  1707 | D:4      | Reached XP level 5. HP: 33/33 MP: 5/5
  2602 | D:5      | Entered Level 5 of the Dungeon
  2605 | D:5      | Reached XP level 6. HP: 39/39 MP: 6/6
  2611 | D:5      | Noticed Sigmund
  2624 | D:5      | Killed Sigmund
  2624 | D:5      | Reached skill level 5 in Fighting
  2624 | D:5      | Reached XP level 7. HP: 23/44 MP: 7/7
  2631 | D:5      | Noticed Grinder
  3024 | D:5      | Paralysed by Grinder for 4 turns
  3034 | D:5      | Paralysed by Grinder for 3 turns
  3045 | D:5      | Killed Grinder
  3045 | D:5      | Reached skill level 5 in Armour
  3045 | D:5      | Reached XP level 8. HP: 50/51 MP: 8/8
  3178 | D:5      | Reached skill level 5 in Axes
  3237 | D:5      | Reached *** piety under Trog
  3362 | D:5      | Found a shadowy altar of Dithmenos.
  3787 | D:6      | Noticed Blork the orc
  3795 | D:6      | Killed Blork the orc
  4535 | D:7      | Noticed Harold
  4543 | D:7      | Reached XP level 9. HP: 48/57 MP: 9/9
  4562 | D:7      | Killed Harold
  4562 | D:7      | Reached skill level 5 in Dodging
  4801 | D:7      | Reached **** piety under Trog
  5359 | D:7      | Noticed Joseph
  5377 | D:7      | Killed Joseph
  5377 | D:7      | Reached XP level 10. HP: 54/65 MP: 10/10
  5430 | D:7      | Found Ymulukko's Distillery.
  5761 | D:7      | Found a staircase to the Ecumenical Temple.
  5788 | Temple   | Entered the Ecumenical Temple
  6188 | D:8      | Found a staircase to the Lair.
  6503 | D:8      | Noticed Maurice
  6526 | D:8      | Killed Maurice
  6526 | D:8      | Reached ***** piety under Trog
  6843 | D:9      | Found Deig's General Store.
  6844 | D:9      | Noticed a two-headed ogre
  6852 | D:9      | Killed a two-headed ogre
  6852 | D:9      | Reached XP level 11. HP: 52/72 MP: 11/11
  7097 | D:9      | Found a sparkling altar of Nemelex Xobeh.
  7100 | D:9      | Found a glowing silver altar of Zin.
  7201 | D:9      | Found an ornate altar of the Wu Jian Council.
  7273 | D:9      | Found a staircase to the Orcish Mines.
  7278 | D:9      | Reached skill level 10 in Fighting
  7302 | D:9      | Received a gift from Trog
  7592 | D:9      | Noticed a deep elf mage
  7610 | D:9      | Killed a deep elf mage
  7703 | D:10     | Entered Level 10 of the Dungeon
  7778 | D:10     | Reached skill level 10 in Armour
  8165 | D:10     | Found Biduufamp's Gadget Emporium.
  8166 | D:10     | Found Mannoluf's Book Shoppe.
  8227 | D:10     | Found a runed translucent gate.
  8230 | D:10     | Found a runed translucent gate.
  8231 | D:10     | Found a runed translucent gate.
  8232 | D:10     | Noticed Elsrick's ghost (novice DESu)
  8232 | D:10     | Noticed Malificent's ghost (novice DsAr)
  8640 | D:10     | Killed Malificent's ghost
  8646 | D:10     | Killed Elsrick's ghost
  8722 | D:11     | Noticed a cyclops
  8734 | D:11     | Killed a cyclops
  8883 | D:11     | Noticed a two-headed ogre
  8889 | D:11     | Killed a two-headed ogre
  8889 | D:11     | Reached XP level 12. HP: 61/79 MP: 12/12
  9378 | Lair:1   | Entered Level 1 of the Lair of Beasts
  9452 | Lair:1   | Found a runed translucent door.
  9458 | Lair:1   | Noticed Malificent's ghost (journeyman DsAr)
 10060 | Lair:1   | Killed Malificent's ghost
 10315 | Lair:2   | Noticed a seven-headed hydra
 10324 | Lair:2   | Killed an 11-headed hydra
 10716 | Lair:2   | Noticed Fannar
 10732 | Lair:2   | Killed Fannar
 10987 | Lair:2   | Noticed Nergalle
 10999 | Lair:2   | Killed Nergalle
 11124 | Lair:2   | Found a staircase to the Swamp.
 11124 | Lair:2   | Noticed a five-headed hydra
 11139 | Lair:2   | Killed a 13-headed hydra
 11499 | Lair:2   | Noticed a seven-headed hydra
 11509 | Lair:2   | HP: 4/120 [14-headed hydra (7)]
 11510 | Lair:2   | HP: 1/120 [14-headed hydra (1)]
 11510 | Lair:2   | Mangled by a 14-headed hydra

Skill      XL: |  1  2  3  4  5  6  7  8  9 10 11 12 |
---------------+-------------------------------------+-----
Axes           | 3 4 5 7 8 9 |  9.9
Dodging        | 2 3 4 6 7 8 |  8.9
Armour         | 3 4 5 6 8 9 10 11 | 11.4
Fighting       | 4 5 7 8 9 10 11 | 11.6

Action                   |  1- 3 |  4- 6 |  7- 9 | 10-12 || total
-------------------------+-------+-------+-------+-------++-------
Melee: Hand axe          |    98 |   132 |       |       ||   230
       War axe           |       |    16 |   274 |   527 ||   817
Invok: Berserk           |     1 |     3 |     4 |    12 ||    20
       Trog's Hand       |       |       |     1 |     1 ||     2
       Brothers in Arms  |       |       |       |     2 ||     2
  Use: Scroll            |       |       |    15 |     2 ||    17
       Potion            |       |       |       |     3 ||     3
 Stab: Sleeping          |     1 |       |       |       ||     1
  Eat: Chunk             |     1 |     6 |    12 |    23 ||    42
       Ration            |       |       |     1 |     2 ||     3
Armor: Animal skin       |    34 |       |       |       ||    34
       Chain mail        |     5 |    90 |    76 |       ||   171
       Plate armour      |       |       |   144 |   521 ||   665
       Skin              |       |       |       |    50 ||    50
Dodge: Dodged            |    88 |    76 |   154 |   346 ||   664
